 Dungeon Crawl Stone Soup version 0.27-a0-860-gaf99fae3ca (webtiles) character file.

Game seed: 7573977820770649391

73 robertstho the Sneak (level 4, -2/44 HPs)
             Began as a Troll Delver on Apr 1, 2021.
             Slain by an ogre
             ... wielding a +0 giant spiked club
              (21 damage)
             ... on level 3 of the Dungeon.
             The game lasted 00:00:45 (467 turns).

robertstho the Sneak (Troll Delver)                  Turns: 467, Time: 00:00:46

Health: -2/44      AC:  4    Str: 21    XL:     4   Next: 8%
Magic:  3/3        EV: 10    Int:  6    God:
Gold:   23         SH:  0    Dex: 11    Spells: 3/3 levels left

rFire    . . .     SeeInvis .     - Unarmed
rCold    . . .     Faith    .   (no shield)
rNeg     . . .     Spirit   .   a - +0 robe
rPois    .         Reflect  .   (helmet restricted)
rElec    .         Harm     .   (no cloak)
rCorr    .         Rampage  .   (gloves unavailable)
Will     .....                  (boots unavailable)
Stlth    ++........             (no amulet)
HPRegen  1.14/turn              (no ring)
MPRegen  0.08/turn              (no ring)

@: no status effects
A: large, unfitting armour, claws 3, regeneration 1, shaggy fur 1, tough skin 1
a: no special abilities


You were on level 3 of the Dungeon.
You visited 1 branch of the dungeon, and saw 3 of its levels.

You collected 23 gold pieces.

Inventory:

Armour
 a - a +0 robe (worn)
Wands
 f - a wand of digging (3)
Scrolls
 b - a scroll of fog
 c - 2 scrolls of magic mapping
 d - a scroll of fear
 g - a scroll of identify {unknown}
 i - a scroll of acquirement {unknown}
 k - a scroll of teleportation {unknown}
 l - 2 scrolls of enchant armour {unknown}
Potions
 e - 2 potions of haste
 h - a potion of curing {unknown}
 j - a potion of invisibility {unknown}


   Skills:
 * Level 2.8 Fighting
 + Level 1.8 Dodging
 + Level 3.3 Stealth
 * Level 2.7 Unarmed Combat


You had 3 spell levels left.
You didn't know any spells.
Your spell library contained the following spells:

 Spells                   Type           Power      Damage    Failure   Level
 Beastly Appendage        Tmut           0%         N/A       45%         1
 Wereblood                Tmut           0%         N/A       58%         2
 Spider Form              Tmut/Pois      0%         N/A       83%         3
 Ice Form                 Ice/Tmut       0%         N/A       99%         4
 Hydra Form               Tmut           0%         N/A       100%        5


Dungeon Overview and Level Annotations

Branches:
Dungeon (5/15)
 Temple: D:4-7

Altars:

Shops:
D:3 (

Annotations:
D:4 Dowan, Duvessa


Innate Abilities, Weirdness & Mutations

You are too large for most types of armour.
You have claws for hands.
Your natural rate of healing is unusually fast.
You are covered in fur. (AC +1)
You have tough skin. (AC +1)


Message History

The orc hits you with a +0 dagger. The orc wizard closely misses you.
You claw the orc wizard!
The orc wizard is almost dead.
The orc barely misses you.
The orc wizard hits you with a +0 dagger.
You scratch the orc wizard.
You kill the orc wizard!
The orc barely misses you.
You have reached level 4!
You claw the orc!
You kill the orc!
You scratch the endoplasm.
You kill the endoplasm!
Items here: )) [[ †.
Items here: )) [[.
Found Vipsiuma's Weapon Shoppe.
There is an entrance to Vipsiuma's Weapon Shoppe here.
You open the door.
An ogre comes into view. It is wielding a +0 giant spiked club.
An ogre is nearby!
An ogre is nearby!
An ogre is nearby!
The ogre shouts!
There is an open door here.
You scratch the ogre.
The ogre is lightly wounded.
The ogre barely misses you.
You scratch the ogre.
The ogre is moderately wounded.
You claw the ogre!
The ogre is severely wounded.
The ogre hits you with a +0 giant spiked club!!
Ouch! That really hurt!
You are too injured to fight recklessly!
You are too injured to fight recklessly!
You are too injured to fight recklessly!
You barely miss the ogre.
The ogre is severely wounded.
The ogre hits you with a +0 giant spiked club!!
You die...

.. #.. ..###
#... #..###
.#######....#
.......#.##.#
......O@....#
.......#....#
.......####.#
....### #∩..#
### #.###
#######.#
........#
####.##.# # #
##.####.#


You could see an ogre.

Vanquished Creatures
  An orc priest (D:3)
  An orc wizard (D:3)
  A worm (D:4)
  A dart slug (D:4)
  2 orcs (D:3)
  2 endoplasms
  A giant cockroach (D:4)
  2 goblins (D:4)
  A hobgoblin (D:4)
  A jackal (D:4)
  A quokka (D:4)
14 creatures vanquished.

Notes
Turn   | Place    | Note
-------+----------+-------------------------------------------
     0 | D:5      | robertstho the Troll Delver began the quest for the Orb.
     0 | D:5      | Reached XP level 1. HP: 22/22 MP: 0/0
   167 | D:4      | Reached XP level 2. HP: 29/29 MP: 1/1
   411 | D:4      | Reached skill level 3 in Stealth
   416 | D:4      | Noticed Duvessa
   416 | D:4      | Noticed Dowan
   431 | D:3      | Reached XP level 3. HP: 34/36 MP: 2/2
   444 | D:3      | Reached XP level 4. HP: 43/44 MP: 3/3
   448 | D:3      | Found Vipsiuma's Weapon Shoppe.
   462 | D:3      | Noticed an ogre
   467 | D:3      | Slain by an ogre

Illustrated notes

Levels and vault maps discovered:
D:3:      layout_basic, serial_shops, shop, serial_undead, serial_undead_c,
          serial_undead_d, serial_undead_f, serial_undead_d, serial_undead_f
D:4:      minmay_skewed_foursquare, layout_loops_ring, dk_noncrumbling_4,
          uniq_duvessa
D:5:      minmay_chambers_of_fours, layout_loops_cross,
          regret_index_temple_of_mockery, tso_oasis_becter, lemuel_doored_altar,
          grunt_ministairs_15, grunt_decor_arrowhead, st_stairs_5

Skill      XL: |  1  2 |
---------------+-------+-----
Stealth        | 3 |  3.3
Fighting       | |  2.8
Dodging        | |  1.8
Unarmed Combat | |  2.7

Action                   |  1- 3 |  4- 6 || total
-------------------------+-------+-------++-------
Melee: Unarmed           |    35 |     6 ||    41
 Stab: Sleeping          |     2 |       ||     2
Armor: Robe              |     8 |       ||     8
Dodge: Dodged            |    16 |     1 ||    17

Table legend: (Time is in decaauts)
 A = Elapsed time spent in this place.
 B = Non-inter-level travel time spent in this place.
 C = Inter-level travel time spent in this place.
 D = Time resting spent in this place.
 E = Time spent auto-exploring this place.
 F = Levels seen in this place.
 G = Mean time per level.
                   A        B        C        D        E       F      G
               +--------+--------+--------+--------+--------+-----+--------+
         Total |    464 |    464 |      0 |      0 |    358 |   3 |  154.7 |
       Dungeon |    464 |    464 |      0 |      0 |    358 |   3 |  154.7 |
               +--------+--------+--------+--------+--------+-----+--------+

Top non-repeatable levels by time:
     D:4: 412 daAuts
     D:3: 45 daAuts
     D:5: 7 daAuts
